 Dungeon Crawl Stone Soup version 0.31-a0-1-g4198be8af4 (webtiles) character file.

Game seed: 12195142485774204625

85 qeuew the Covered (level 4, -5/40 HPs)
             Began as a Minotaur Fighter on May 2, 2023.
             Killed by nerve-wracking pain
             ... invoked by an orc priest
              (12 damage)
             ... on level 3 of the Dungeon.
             The game lasted 00:01:43 (1482 turns).

qeuew the Covered (Minotaur Fighter)                Turns: 1482, Time: 00:01:43

Health: -5/40      AC:  8    Str: 26    XL:     4   Next: 25%
Magic:  3/3        EV: 10    Int:  5    God:
Gold:   119        SH:  5    Dex: 12    Spells: 3/3 levels left

rFire   . . .        a - +0 war axe
rCold   . . .        c - +0 buckler
rNeg    . . .        b - +1 scale mail
rPois   .            (helmet restricted)
rElec   .            (no cloak)
rCorr   +            (no gloves)
SInv    .            (no boots)
Will    .....        (no amulet) Stlth
                     f - ring of resist corrosion
HPRegen 0.26/turn    h - +6 ring of strength
MPRegen 0.08/turn

%: no passive effects
@: mighty
A: horns 2, retaliatory headbutt
a: no special abilities


You were on level 3 of the Dungeon.
You visited 1 branch of the dungeon, and saw 3 of its levels.

You collected 119 gold pieces.

Inventory:

Hand Weapons
 a - a +0 war axe (weapon)
Armour
 b - a +1 scale mail (worn)
 c - a +0 buckler (worn)
Jewellery
 f - a ring of resist corrosion (left hand)
 h - a +6 ring of strength (right hand)
Scrolls
 e - 2 scrolls of teleportation
 g - a scroll of magic mapping
 i - a scroll of fear
 j - a scroll of identify
 k - 2 scrolls of enchant armour
 l - a scroll of immolation {unknown}
Potions
 m - a potion of invisibility
 n - 2 potions of magic {unknown}


   Skills:
 + Level 4.0 Fighting
 * Level 3.5 Axes
 * Level 4.6 Armour
 + Level 1.3 Dodging
 + Level 4.0 Shields


You had 3 spell levels left.
You didn't know any spells.
Your spell library contained the following spells:

 Spells                   Type           Power      Damage    Failure   Level
 Dazzling Flash           Conj/Hex       0%         N/A       99%         3
 Gell's Gravitas          Tloc           0%         N/A       99%         3
 Teleport Other           Tloc           0%         N/A       99%         3
 Agony                    Necr           0%         N/A       100%        5
 Silence                  Hex/Air        0%         N/A       100%        5
 Dispersal                Tloc           0%         N/A       100%        6


Dungeon Overview and Level Annotations

Branches:
Dungeon (3/15)

Altars:

Annotations:
D:3 Terence


Innate Abilities, Weirdness & Mutations

You have a pair of horns on your head.
You reflexively headbutt those who attack you in melee.


Message History

Terence shouts!
You hear a shout!
An orc comes into view. It is wielding a +0 flail of venom.
You closely miss the kobold. You headbutt the kobold.
You kill the kobold!
You closely miss the goblin. You block the goblin's attack.
The orc priest calls down the wrath of Beogh upon you.
Beogh smites you! The goblin hits you but does no damage.
The orc hits you with a +0 hand axe.
You barely miss the orc. You slash the goblin!
You kill the goblin!
You barely miss the orc. The orc misses you. The orc barely misses you.
The orc closely misses you.
You hit the orc but do no damage. You barely miss the orc.
The orc closely misses you. x2
The orc hits you from afar with a +0 trident.
The orc barely misses you. The orc hits you but does no damage.
Terence completely misses you.
You completely miss the orc priest. You slash Terence! You hit the orc.
You closely miss the orc. The orc hits you with a +0 hand axe.
You block the orc's attack.
The orc priest calls down the wrath of Beogh upon you.
Beogh smites you! The orc hits you but does no damage.
Terence hits you with a +0 short sword.
* * * LOW HITPOINT WARNING * * *
You feel very mighty all of a sudden. The orc barely misses you.
The orc closely misses you. You block the orc priest's attack.
The orc hits you from afar with a +0 trident.
* * * LOW HITPOINT WARNING * * *
Terence hits you with a +0 short sword.
* * * LOW HITPOINT WARNING * * *
You closely miss the orc priest. You headbutt the orc priest!
The orc priest is severely wounded.
You hit Terence. You slash the orc!
You kill the orc!
You hit the orc but do no damage. You closely miss the orc.
The orc hits you but does no damage.
The orc priest calls down the wrath of Beogh upon you.
Pain shoots through your body!
You die...

###.....####.........#
#.#......+.........#
#.####.###.........#
####.# #....#####.####
..##.# ####.#####.#
..+..# #..[..#.#
..#### #####.#.# ..#
######'#.####. ..#
#....)@o...... ..#
#....oo@...... ..#
#.....o.>..[.# ..#
#............. ..#
#............# ...
#........(....
#.........$..#
#............#


You could see Terence, an orc priest and 3 orcs.

Vanquished Creatures
  Natasha (D:3)
  2 dart slugs (D:1)
  An orc (D:3)
  5 ball pythons
  3 endoplasms
  4 giant cockroaches
  4 hobgoblins
  6 jackals
  8 kobolds
  2 quokkas
  5 bats
  3 frilled lizards
  6 goblins
  3 rats (D:1)
53 creatures vanquished.

Notes
Turn   | Place    | Note
-------+----------+-------------------------------------------
     0 | D:1      | qeuew the Minotaur Fighter began the quest for the Orb.
     0 | D:1      | Reached XP level 1. HP: 19/19 MP: 0/0
    63 | D:1      | Reached XP level 2. HP: 27/27 MP: 1/1
   218 | D:1      | Reached XP level 3. HP: 32/33 MP: 2/2
   743 | D:2      | Found a faded altar of an unknown god.
  1197 | D:3      | Reached skill level 1 in Dodging
  1257 | D:3      | Noticed Natasha
  1266 | D:3      | Killed Natasha
  1267 | D:3      | Reached XP level 4. HP: 22/40 MP: 3/3
  1475 | D:3      | Noticed Terence
  1482 | D:3      | Killed from afar by an orc priest

Illustrated notes

Levels and vault maps discovered:
D:1:      heliophobic_arrival_enchanted_forest, layout_rooms
D:2:      layout_basic, shapermc_ecumenical_altar_mp_highgroup
D:3:      layout_basic, roderic_roman_lattice, minmay_quantized, uniq_jessica,
          uniq_terence, uniq_natasha

Skill      XL: |  1  2  3 |
---------------+----------+-----
Armour         | 4 |  4.6
Axes           | 3 |  3.5
Dodging        | 1 |  1.3
Fighting       | 4 |  4.0
Shields        | 4 |  4.0

Action                     |  1- 3 |  4- 6 || total
---------------------------+-------+-------++-------
  Melee: War axe           |    70 |    17 ||    87
         Headbutt          |     8 |     3 ||    11
    Use: Scroll            |     7 |       ||     7
         Potion            |       |     1 ||     1
 Armour: Scale mail        |    24 |    10 ||    34
  Dodge: Dodged            |    42 |    15 ||    57
  Block: Buckler           |    25 |     7 ||    32

Table legend: (Time is in decaauts)
 A = Elapsed time spent in this place.
 B = Non-inter-level travel time spent in this place.
 C = Inter-level travel time spent in this place.
 D = Time resting spent in this place.
 E = Time spent auto-exploring this place.
 F = Levels seen in this place.
 G = Mean time per level.
                   A        B        C        D        E       F      G
               +--------+--------+--------+--------+--------+-----+--------+
         Total |   1512 |   1487 |     25 |      0 |   1221 |   3 |  504.0 |
       Dungeon |   1512 |   1487 |     25 |      0 |   1221 |   3 |  504.0 |
               +--------+--------+--------+--------+--------+-----+--------+

Top non-repeatable levels by time:
     D:2: 748 daAuts
     D:1: 465 daAuts
     D:3: 298 daAuts
